[ AOE2 MATCH · #505692996 ]
UnrankedPoles vs Romans
Player's team · LOSS
Rival team · WIN
[ REPLAY ANALYSIS · EXTRACTED FROM THE RECORDED GAME ]
Feudal
8:32
Castle
—
Imperial
—
| APM avg | 91.0 |
| APM peak | 139 |
| eAPM avg | 28.0 |
| Villagers / military | 40 / 19 |
Focus
⚔️ 34.2% · 🌾 65.8%
Archer ×16 · Scout Cavalry ×3
Feudal
8:51
Castle
—
Imperial
—
| APM avg | 64.6 |
| APM peak | 80 |
| eAPM avg | 21.7 |
| Villagers / military | 45 / 28 |
Focus
⚔️ 35.5% · 🌾 64.5%
Skirmisher ×13 · Archer ×9 · Militia ×6
Match map
Initial resources + every placement click. Lines = walls · curves = elevation contours. ◆ gold · ⬟ stone · ● berries · ✦ relic · ◌ wall gap
Your base· Open — 6t gap
CNZS_98T's base· Open — 6t gap
Smoothed initial terrain · ◌ = detected wall gap · hover for details
Inputs per minute
— Sapfiros - - CNZS_98T
Build order — Sapfiros
101 actions detected in the replay
| 0:00 | Create | Villager (Male) |
| 0:01 | Build | House |
| 0:04 | Build | House |
| 0:06 | Create | Villager (Male) |
| 0:06 | Create | Villager (Male) |
| 0:12 | Create | Villager (Male) |
| 0:12 | Create | Villager (Male) |
| 1:27 | Create | Villager (Male) |
| 1:50 | Create | Villager (Male) |
| 1:51 | Build | Lumber Camp |
| 2:33 | Create | Villager (Male) |
| 2:33 | Create | Villager (Male) |
| 2:43 | Create | Villager (Male) |
| 3:17 | Create | Villager (Male) |
| 3:17 | Create | Villager (Male) |
| 3:17 | Create | Villager (Male) |
| 3:28 | Build | House |
| 3:59 | Create | Villager (Male) |
| 4:34 | Create | Villager (Male) |
| 4:34 | Create | Villager (Male) |
| 5:14 | Build | Mining Camp |
| 5:20 | Create | Villager (Male) |
| 5:22 | Research | Loom |
| 6:22 | Research | Feudal Age |
| 6:34 | Build | Barracks |
| 7:12 | Build | House |
| 7:56 | Create | Villager (Male) |
| 7:57 | Create | Villager (Male) |
| 8:03 | Build | Palisade Wall |
| 8:16 | Create | Villager (Male) |
| 8:32 | Age | Feudal Age |
| 8:38 | Build | Archery Range |
| 9:08 | Create | Villager (Male) |
| 9:24 | Create | Archer |
| 9:24 | Create | Archer |
| 9:31 | Research | Double-Bit Axe |
| 9:42 | Build | House |
| 9:43 | Build | House |
| 9:48 | Build | Palisade Wall |
| 9:48 | Build | Palisade Wall |
| 9:49 | Create | Archer |
| 10:02 | Build | Blacksmith |
| 10:04 | Create | Archer |
| 10:12 | Create | Villager (Male) |
| 10:37 | Create | Villager (Male) |
| 11:00 | Create | Villager (Male) |
| 11:01 | Create | Archer |
| 11:04 | Build | House |
| 11:12 | Build | Mill |
| 11:25 | Create | Villager (Male) |
| 11:48 | Create | Archer |
| 11:49 | Create | Villager (Male) |
| 12:00 | Build | Stable |
| 12:13 | Create | Villager (Male) |
| 12:18 | Create | Archer |
| 12:29 | Create | Archer |
| 12:39 | Create | Villager (Male) |
| 12:56 | Research | Fletching |
| 13:05 | Build | Mill |
| 13:13 | Build | Mill |
| 13:20 | Create | Villager (Male) |
| 13:23 | Create | Archer |
| 13:47 | Create | Villager (Male) |
| 13:51 | Build | Farm |
| 13:51 | Build | Farm |
| 13:52 | Build | Farm |
| 13:52 | Build | Farm |
| 14:06 | Create | Villager (Male) |
| 14:16 | Create | Villager (Male) |
| 14:36 | Create | Archer |
| 14:42 | Build | House |
| 14:52 | Create | Villager (Male) |
| 15:08 | Create | Villager (Male) |
| 15:08 | Create | Archer |
| 15:10 | Create | Scout Cavalry |
| 15:29 | Create | Villager (Male) |
| 15:36 | Create | Archer |
| 15:37 | Create | Villager (Male) |
| 15:38 | Create | Villager (Male) |
| 15:41 | Build | Farm |
| 15:42 | Build | Farm |
| 15:42 | Build | Farm |
| 15:42 | Build | Farm |
| 15:43 | Research | Horse Collar |
| 15:48 | Create | Villager (Male) |
| 16:39 | Create | Villager (Male) |
| 16:44 | Create | Archer |
| 16:46 | Create | Villager (Male) |
| 16:47 | Build | Mill |
| 16:48 | Build | Farm |
| 16:48 | Build | Farm |
| 16:48 | Build | Farm |
| 16:49 | Build | Farm |
| 16:49 | Build | Farm |
| 17:03 | Create | Archer |
| 17:06 | Build | Farm |
| 17:07 | Build | Farm |
| 17:11 | Create | Scout Cavalry |
| 17:15 | Create | Archer |
| 17:40 | Create | Archer |
| 18:07 | Create | Scout Cavalry |
Build order — CNZS_98T
121 actions detected in the replay
| 0:00 | Create | Villager (Male) |
| 0:01 | Create | Villager (Male) |
| 0:01 | Create | Villager (Male) |
| 0:02 | Create | Villager (Male) |
| 0:02 | Build | House |
| 1:36 | Create | Villager (Male) |
| 1:36 | Create | Villager (Male) |
| 1:40 | Create | Villager (Male) |
| 1:40 | Create | Villager (Male) |
| 1:46 | Build | House |
| 2:04 | Create | Villager (Male) |
| 2:04 | Create | Villager (Male) |
| 2:25 | Build | Lumber Camp |
| 2:26 | Create | Villager (Male) |
| 2:26 | Create | Villager (Male) |
| 3:03 | Create | Villager (Male) |
| 3:15 | Create | Villager (Male) |
| 3:15 | Create | Villager (Male) |
| 3:43 | Create | Villager (Male) |
| 3:44 | Create | Villager (Male) |
| 3:49 | Build | House |
| 4:12 | Create | Villager (Male) |
| 4:13 | Create | Villager (Male) |
| 4:52 | Build | Mining Camp |
| 5:05 | Create | Villager (Male) |
| 5:40 | Create | Villager (Male) |
| 5:40 | Research | Loom |
| 6:30 | Research | Feudal Age |
| 6:36 | Build | House |
| 6:46 | Build | Palisade Wall |
| 6:51 | Build | Palisade Wall |
| 7:16 | Build | Barracks |
| 8:07 | Create | Villager (Male) |
| 8:11 | Create | Militia |
| 8:11 | Create | Militia |
| 8:11 | Create | Militia |
| 8:29 | Build | Palisade Wall |
| 8:51 | Age | Feudal Age |
| 8:59 | Create | Villager (Male) |
| 9:15 | Create | Villager (Male) |
| 9:25 | Create | Villager (Male) |
| 9:28 | Build | Blacksmith |
| 9:36 | Research | Man-at-Arms (upgrade) |
| 9:37 | Research | Double-Bit Axe |
| 9:37 | Research | Double-Bit Axe |
| 9:38 | Create | Villager (Male) |
| 10:06 | Build | Mill |
| 10:20 | Build | House |
| 10:23 | Research | Scale Mail Armor |
| 10:23 | Research | Scale Mail Armor |
| 10:23 | Research | Scale Mail Armor |
| 10:39 | Build | Archery Range |
| 10:49 | Create | Villager (Male) |
| 10:49 | Create | Villager (Male) |
| 11:07 | Create | Villager (Male) |
| 11:13 | Build | Watch Tower |
| 11:18 | Create | Militia |
| 11:31 | Create | Archer |
| 11:31 | Create | Archer |
| 11:33 | Build | House |
| 11:42 | Create | Villager (Male) |
| 11:56 | Create | Villager (Male) |
| 12:03 | Build | House |
| 12:09 | Create | Archer |
| 12:11 | Create | Villager (Male) |
| 12:13 | Build | Farm |
| 12:28 | Build | House |
| 12:33 | Research | Fletching |
| 12:34 | Create | Archer |
| 12:43 | Build | Farm |
| 12:47 | Create | Villager (Male) |
| 12:57 | Build | Farm |
| 13:00 | Create | Archer |
| 13:02 | Create | Villager (Male) |
| 13:06 | Build | House |
| 13:18 | Create | Villager (Male) |
| 13:21 | Build | Farm |
| 13:37 | Create | Villager (Male) |
| 13:43 | Build | House |
| 13:47 | Build | Farm |
| 14:01 | Create | Archer |
| 14:07 | Research | Padded Archer Armor |
| 14:08 | Research | Padded Archer Armor |
| 14:15 | Create | Villager (Male) |
| 14:36 | Create | Villager (Male) |
| 14:38 | Create | Archer |
| 15:02 | Create | Villager (Male) |
| 15:03 | Create | Archer |
| 15:06 | Build | Archery Range |
| 15:17 | Build | Lumber Camp |
| 15:29 | Create | Villager (Male) |
| 15:31 | Create | Archer |
| 15:35 | Build | Farm |
| 15:36 | Build | Farm |
| 15:38 | Build | Farm |
| 15:57 | Create | Villager (Male) |
| 15:59 | Build | House |
| 16:01 | Create | Skirmisher |
| 16:01 | Create | Skirmisher |
| 16:01 | Create | Skirmisher |
| 16:27 | Create | Villager (Male) |
| 16:31 | Create | Skirmisher |
| 16:32 | Create | Skirmisher |
| 16:33 | Build | House |
| 16:44 | Create | Skirmisher |
| 16:46 | Create | Villager (Male) |
| 16:47 | Create | Skirmisher |
| 16:51 | Build | Farm |
| 17:09 | Build | House |
| 17:10 | Create | Skirmisher |
| 17:12 | Create | Villager (Male) |
| 17:14 | Build | Farm |
| 17:16 | Build | Farm |
| 17:18 | Create | Militia |
| 17:18 | Create | Militia |
| 17:20 | Create | Skirmisher |
| 17:35 | Create | Skirmisher |
| 17:54 | Create | Skirmisher |
| 18:07 | Create | Villager (Male) |
| 18:09 | Create | Skirmisher |
| 18:09 | Create | Skirmisher |
Match timeline
| 6:34 | Sapfiros · first_building Barracks |
| 6:46 | CNZS_98T · wall_segment Palisade Wall x1 |
| 6:51 | CNZS_98T · wall_segment Palisade Wall x1 |
| 7:16 | CNZS_98T · first_building Barracks |
| 8:03 | Sapfiros · wall_segment Palisade Wall x1 |
| 8:29 | CNZS_98T · wall_segment Palisade Wall x1 |
| 8:32 | Sapfiros · age_up feudal |
| 8:38 | Sapfiros · first_building Archery Range |
| 8:51 | CNZS_98T · age_up feudal |
| 9:48 | Sapfiros · wall_segment Palisade Wall x1 |
| 9:48 | Sapfiros · wall_segment Palisade Wall x1 |
| 10:39 | CNZS_98T · first_building Archery Range |
| 12:00 | Sapfiros · first_building Stable |
| 18:23 | Sapfiros · resign |
[ AI ANALYSIS · 1 CREDIT ]
What really happened in this match?
Wolo.gg analyzes every decision: build order, eco, micro, common mistakes by bracket. Personalized analysis on WhatsApp or Discord in 30 seconds.
Civ guide
Poles
Perfil
Sapfiros